 Dungeon Crawl Stone Soup version 0.30.2 (webtiles) character file.

Game seed: 11007559521251671066

212 porpoise the Poker (level 5, 0/42 HPs)
             Began as a Demonspawn Gladiator on Jan 25, 2024.
             Was an Initiate of Ashenzari.
             Slain by an orc
             ... wielding a +0 hand axe
              (3 damage)
             ... on level 4 of the Dungeon.
             The game lasted 00:06:46 (2648 turns).

porpoise the Poker (Demonspawn Gladiator)           Turns: 2648, Time: 00:06:47

Health: 0/42       AC:  8    Str: 17    XL:     5   Next: 58%
Magic:  5/5        EV: 11    Int:  9    God:    Ashenzari [......]
Gold:   199        SH:  0    Dex: 14    Spells: 4/4 levels left

rFire   . . .        a - +0 trident
rCold   . . .        (no shield)
rNeg    . . .        l - +0 ring mail
rPois   .            c - +0 helmet
rElec   .            (no cloak)
rCorr   .            (no gloves)
SInv    .            (no boots)
Will    .....        (no amulet) Stlth
                     (no ring)
HPRegen 0.27/turn    (no ring)
MPRegen 0.09/turn

%: no passive effects
@: confused
A: thin metallic scales 1, demonic magic 1
a: Renounce Religion


You were on level 4 of the Dungeon.
You worshipped Ashenzari.
Ashenzari was noncommittal.
You visited 1 branch of the dungeon, and saw 4 of its levels.

You collected 199 gold pieces.

Inventory:

Hand Weapons
 a - a +0 trident (weapon)
 b - a +0 sling
 k - a +1 dagger of draining
Missiles
 d - 3 throwing nets
 e - a javelin
 o - 16 poisoned darts (quivered)
Armour
 c - a +0 helmet (worn)
 l - a +0 ring mail (worn)
Wands
 r - a wand of roots (13)
Scrolls
 g - a scroll of acquirement {unknown}
 h - a scroll of immolation {unknown}
 i - a scroll of identify
 j - a scroll of brand weapon {unknown}
 m - a scroll of poison {unknown}
Potions
 f - 3 potions of mutation
 n - a potion of haste
 p - a potion of cancellation
 q - a potion of brilliance
 s - a potion of magic


   Skills:
 + Level 3.7 Fighting
 * Level 5.0 Polearms
 - Level 1.7 Throwing
 - Level 2.6 Dodging


You had 4 spell levels left.
You didn't know any spells.
Your spell library contained the following spells:

 Spells                   Type           Power      Damage    Failure   Level
 Sting                    Tmut/Pois      0%         1d3       58%         1
 Poisonous Vapours        Pois/Air       0%         N/A       75%         2
 Olgreb's Toxic Radiance  Pois           0%         N/A       100%        4


Dungeon Overview and Level Annotations

Branches:
Dungeon (4/15)
 Temple: D:4-7

Altars:
Ashenzari
Gozag
Sif Muna


Innate Abilities, Weirdness & Mutations

You are partially covered in thin metallic scales. (AC +2)
Spells you cast may paralyse adjacent enemies.


Message History

The orc is heavily wounded.
The orc misses you. The orc hits you but does no damage.
You completely miss the orc.
The orc is heavily wounded.
The orc hits you but does no damage. The orc barely misses you.
The orc attacks as you move away! The orc closely misses you.
The orc attacks as you move away! The orc barely misses you.
The orc attacks as you move away! The orc closely misses you.
You hit the orc.
You kill the orc!
You hit the orc.
The orc is heavily wounded.
The orc hits you but does no damage.
You hit the orc.
You kill the orc!
You hear some strange, mumbled words.
You are confused.
You barely miss the orc. The orc barely misses you.
Something barely misses you.
You barely miss the orc. The orc hits you but does no damage.
The orc priest calls down the wrath of Beogh upon you.
Beogh smites you!
* * * LOW HITPOINT WARNING * * *
Something hits you but does no damage.
You hit the orc.
The orc is heavily wounded.
The orc hits you but does no damage. Something barely misses you.
You miss the orc.
The orc is heavily wounded.
The orc closely misses you. Something hits you.
* * * LOW HITPOINT WARNING * * *
The orc hits you but does no damage.
You hear some strange, mumbled words.
You are more confused.
You're too confused to move!
The orc hits you but does no damage. The orc closely misses you.
The orc hits you but does no damage. Something hits you but does no damage.
The hound closely misses you.
You closely miss something. The hound barely misses you.
The orc barely misses you. The orc hits you with a +0 hand axe.
You die...

.###.............##.
..........#.........####
.........##........## #
..........#......### #
##.................#####
#...............##.....#
##.............####.##.#
.#........##.##..###.##.#
.......o@o#...#####...#.#
.......o{h..#.......#...#
....####o.#...#####...#..
... #..##.## ##.###. ...
##...#.# #.# #.
....o###...##.# #.# ..
....ho...####.# #.##.#
#....o#)...##.# #.##.
..... #...##... ...#.


You could see a hound, an orc priest and 3 orcs.

Vanquished Creatures
  An orc priest (D:4)
  An iguana (D:3)
  An orc wizard (D:3)
  A gnoll (D:1)
  5 adders
  2 worms
  3 dart slugs
  7 orcs
  2 bats (D:1)
  An endoplasm (D:1)
  2 giant cockroaches (D:1)
  5 hobgoblins
  2 jackals (D:2)
  2 quokkas (D:1)
  5 ball pythons
  4 frilled lizards
  9 goblins
  5 kobolds
  5 rats
63 creatures vanquished.

Notes
Turn   | Place    | Note
-------+----------+-------------------------------------------
     0 | D:1      | porpoise the Demonspawn Gladiator began the quest for the
                  | Orb.
     0 | D:1      | Reached XP level 1. HP: 16/16 MP: 1/1
   129 | D:1      | Reached skill level 3 in Polearms
   134 | D:1      | Gained mutation: You are partially covered in thin metallic
                  | scales. (AC +2) [demonic ancestry]
   134 | D:1      | Reached XP level 2. HP: 23/23 MP: 2/2
   263 | D:1      | Reached XP level 3. HP: 23/28 MP: 3/3
   532 | D:1      | Found a faded altar of an unknown god.
  1318 | D:2      | Reached skill level 4 in Polearms
  1318 | D:2      | Gained mutation: Spells you cast may paralyse adjacent
                  | enemies. [demonic ancestry]
  1318 | D:2      | Reached XP level 4. HP: 31/34 MP: 4/4
  1948 | D:3      | Reached XP level 5. HP: 41/41 MP: 5/5
  2469 | D:3      | Found a broken altar of Ashenzari.
  2473 | D:3      | Found an opulent altar of Gozag.
  2477 | D:3      | Found a shimmering blue altar of Sif Muna.
  2483 | D:3      | Became a worshipper of Ashenzari the Shackled
  2631 | D:4      | Reached skill level 5 in Polearms
  2643 | D:4      | HP: 2/42 [orc priest/divine providence (12)]
  2648 | D:4      | Slain by an orc

Illustrated notes

Levels and vault maps discovered:
D:1:      sevenhm_arrival_forest_fort_large_2, layout_rooms,
          shapermc_ecumenical_altar_flowoftime, chequers_serial_rivers_room_b
D:2:      layout_loops_ring
D:3:      layout_loops_ring, grunt_temple_overflow_diamond
D:4:      layout_cave_pools, minmay_misc_feat_tower, st_stairs_13

Skill      XL: |  1  2  3  4  5 |
---------------+----------------+-----
Polearms       | 3 4 5 |  5.0
Fighting       | 3 |  3.7
Throwing       | |  1.7
Dodging        | |  2.6

Action                     |  1- 3 |  4- 6 || total
---------------------------+-------+-------++-------
  Melee: Trident           |   104 |   102 ||   206
         Punch             |     1 |     1 ||     2
   Fire: Sling             |     9 |    45 ||    54
  Throw: Dart              |       |     4 ||     4
    Use: Scroll            |     1 |     4 ||     5
   Stab: Sleeping          |     1 |       ||     1
 Armour: Leather armour    |    17 |       ||    17
         Ring mail         |     8 |    42 ||    50
  Dodge: Dodged            |    40 |    60 ||   100
